[Event "Late-Titled-Tuesday-Blitz-June-04-2024"]
[Site "Chess.com"]
[Date "2024.06.04"]
[Round "4"]
[White "CarlosjPineror"]
[Black "Quattroporte300"]
[Result "1-0"]
[WhiteElo "2666"]
[BlackElo "2452"]
[TimeControl "180+1"]
[EndTime "14:39:01 PDT"]
[Termination "CarlosjPineror won on time"]

1. e4 c5 2. Nf3 e6 3. g3 Nc6 4. Bg2 Nf6 5. Qe2 d5 6. d3 Be7 7. O-O b6 8. e5 Nd7 9. h4 Qc7 10.
Re1 h6 11. h5 Bb7 12. Nbd2 O-O-O 13. Nf1 g5 14. N1h2 Bf8 15. c3 Bg7 16. Ng4 Rde8 17.
a3 f5 18. exf6 Nxf6 19. Nxf6 Bxf6 20. Nh2 Ne5 21. f4 Nf7 22. Ng4 Bg7 23. Bd2 d4 24.
c4 e5 25. f5 Qd6 26. Be4 Bf6 27. b4 Bd8 28. bxc5 Qxc5 29. Bb4 Qc7 30. Qf3 Bxe4 31. Qxe4 Qb7 32. a4 Qxe4 33. Rxe4 a5 34. Ba3 Kd7 35. Rb1 Kc6 36. Rb5 Nd6 37. Bxd6 Kxd6 38. Nf2 Rhf8 39. g4 Bc7 40. Re2 Kc6 41. Ne4 Rf7 42.
Reb2 Rff8 43. c5 bxc5 44. Rxc5+ Kd7 45. Rb7 Rc8 46. Rxe5 Kc6 47. Reb5 Bf4 48. R7b6+ Kd7 49. Rxh6 Rb8 50. Rh7+ Kc6 51. Rh6+ Kd7 52. Ra6 Rxb5 53. axb5 Rc8 54. Ra7+ Ke8 55. Rxa5 Rc1+ 56. Kg2 Rc2+ 57. Kf3 Be3 58. b6 Kd7 59. Ra7+ 1-0

[Event "Late-Titled-Tuesday-Blitz-June-04-2024"]
[Site "Chess.com"]
[Date "2024.06.04"]
[Round "4"]
[White "egnfanclub"]
[Black "stolencandy13"]
[Result "0-1"]
[WhiteElo "2363"]
[BlackElo "2636"]
[TimeControl "180+1"]
[EndTime "14:39:01 PDT"]
[Termination "stolencandy13 won by resignation"]

1. e4 c6 2. d4 d5 3. exd5 cxd5 4. c4 Nf6 5. Nc3 e6 6. Nf3 Bb4 7. cxd5 Nxd5 8. Qc2 O-O 9. Bd3 Nf6 10. Bg5 h6 11. h4 Nc6 12. O-O-O Be7 13. a3 Bd7 14. g4 Nxg4 15. Rdg1 f5 16. Bf4 Rc8 17. Kb1 Bf6 18. d5 Nd4 19. Nxd4 Bxd4 20. Qb3 e5 21. Be3 Qb6 22. Qxb6 Bxb6 23. Bxb6 axb6 24. Rg2 e4 25. Bb5 Rf7 26. Bxd7 Rxd7 27. Nxe4 Rxd5 28. Ng3 Re8 29. Nxf5 Rxf5 30. Rxg4 Rxf2 31. Rhg1 Re7 32. Rb4 Rf6 33. Rc1 Rfe6 34. h5 Kf7 35. Ka2 Re5 36. Rxb6 Rxh5 37. Rf1+ Kg8 38. Rd6 Rhe5 39. Rd8+ Re8 40. Rd7 R5e7 41.
Rd6 Re6 42. Rd7 R8e7 43. Rd8+ Kh7 44. Rff8 g5 45. Rh8+ Kg6 46. Rdg8+ Rg7 47. Rf8 Rf6 48. Rxf6+ Kxf6 49. Rxh6+ Ke5 50. Kb3 g4 51. Rh1 g3 52.
Kc3 Ke4 53. Rg1 Ke3 54. b4 Kf2 55. Rd1 g2 56. a4 Rc7+ 57. Kb3 Re7 58. Rd2+ Re2 59.
Rd1 Re1 60. Rd2+ Re2 61. Rd1 g1=Q 62. Rxg1 Kxg1 63. a5 Kf2 64. Kc4 Ke3 65. b5 Ra2 66. Kb4 Kd4 67. a6 bxa6 68. b6 Kd5 0-1

[Event "Late-Titled-Tuesday-Blitz-June-04-2024"]
[Site "Chess.com"]
[Date "2024.06.04"]
[Round "4"]
[White "MaestroCheck"]
[Black "KIEV-1"]
[Result "1-0"]
[WhiteElo "2625"]
[BlackElo "2362"]
[TimeControl "180+1"]
[EndTime "14:39:01 PDT"]
[Termination "MaestroCheck won by resignation"]

1. e4 c5 2. Nc3 d6 3. Bb5+ Bd7 4.
Bxd7+ Qxd7 5. d4 cxd4 6. Qxd4 Nc6 7. Qd3 Nf6 8. Nf3 g6 9. O-O Bg7 10. Nd5 O-O 11. c3 Rac8 12. Bg5 Ng4 13. h3 Nge5 14.
Nxe5 Nxe5 15. Qe2 Rfe8 16. f4 Nc4 17. f5 Nb6 18. Nxe7+ Rxe7 19. f6 Re5 20. Bf4 Bxf6 21. Bxe5 Bxe5 22. Rad1 Qe6 23. a3 Rc4 24. Rd3 Rxe4 25.
Qf2 Rf4 26. Qe1 Rxf1+ 27. Qxf1 Nd5 28. Rf3 f5 29. Qc4 Kf7 30. Qh4 h5 31. Qf2 b6 32.
Qd2 Kg7 33. Qd3 Nf6 34. Re3 Ne4 35. Re2 Qd7 36. Qd5 Qc7 37. g4 hxg4 38. hxg4 Qc5+ 39.
Qxc5 bxc5 40. gxf5 gxf5 41. Rg2+ Kf7 42. Kf1 f4 43.
Ke2 Kf6 44. Rg8 Ng5 45. Rf8+ Ke6 46. Ra8 f3+ 47. Kf2 Kf5 48. Rxa7 Kg4 49. Rf7 Ne4+ 50.
Ke3 Ng5 51. Rf8 Kg3 52. a4 d5 53. a5 d4+ 54. cxd4 Bxd4+ 55. Kd3 f2 56. a6 Kg2 57. a7 c4+ 58. Kxd4 Nf3+ 59. Rxf3 Kxf3 60. a8=Q+ Kg3 61. Qf8 Kg2 62. Kxc4 1-0

[Event "Late-Titled-Tuesday-Blitz-June-04-2024"]
[Site "Chess.com"]
[Date "2024.06.04"]
[Round "4"]
[White "janhelmer03"]
[Black "mightysmasher"]
[Result "1-0"]
[WhiteElo "2403"]
[BlackElo "2568"]
[TimeControl "180+1"]
[EndTime "14:39:02 PDT"]
[Termination "janhelmer03 won on time"]

1. Nf3 d5 2. e3 Nf6 3. c4 e6 4. Nc3 Bd6 5. b3 O-O 6. Bb2 c6 7. d4 Re8 8. Be2 Nbd7 9. O-O dxc4 10. bxc4 e5 11. Qc2 e4 12. Nd2 Nf8 13. Ndxe4 Nxe4 14. Nxe4 Bf5 15. Bd3 Bxe4 16. Bxe4 Qh4 17. f4 Qe7 18. Bd3 Qxe3+ 19. Kh1 Ng6 20. Rf3 Qe7 21. g3 Rad8 22. Kg2 Qc7 23. f5 Nf8 24. Qd2 c5 25. f6 cxd4 26.
fxg7 Ng6 27. Raf1 Re7 28. Bxg6 fxg6 29. Rf8+ Kxg7 30. Bxd4+ Be5 31. Bxe5+ Rxe5 32. R1f7+ Qxf7 33. Rxf7+ Kxf7 34. Qxd8 Re7 35. Qd5+ Kg7 36. h4 b6 37. h5 gxh5 38. Kh3 Rf7 39. Kh4 Re7 40. Kxh5 Rf7 41. Qg5+ Kf8 42. Kh6 Ke8 43. Qg8+ Ke7 44. Qxf7+ Kxf7 45. Kxh7 Kf6 46. Kh6 Kf5 47. Kh5 1-0

[Event "Late-Titled-Tuesday-Blitz-June-04-2024"]
[Site "Chess.com"]
[Date "2024.06.04"]
[Round "4"]
[White "Mischuk_D"]
[Black "Slovak_fighter2000"]
[Result "1/2-1/2"]
[WhiteElo "2709"]
[BlackElo "2529"]
[TimeControl "180+1"]
[EndTime "14:39:03 PDT"]
[Termination "Game drawn - insufficient material"]

1. d4 Nf6 2. c4 g6 3. Nc3 Bg7 4. e4 d6 5. h3 O-O 6. Be3 c5 7. d5 b5 8. cxb5 a6 9. a4 axb5 10.
Bxb5 Qa5 11. Bd2 Ba6 12. Ra3 Nbd7 13. Nf3 Qb6 14. O-O Rfb8 15. Qc2 Qb7 16. Rfa1 Bxb5 17. axb5 Ne8 18. Bg5 Kf8 19. Rxa8 Rxa8 20. Rxa8 Qxa8 21. Nd2 Nc7 22. Qb3 Qb7 23. Ndb1 Bd4 24. Na3 f6 25. Bf4 Kg7 26. Kf1 Nb6 27. Ke2 g5 28. Be3 Be5 29.
g3 Qa7 30. f4 gxf4 31. gxf4 Bd4 32. Bxd4 cxd4 33. Ncb1 Nd7 34. Qc4 d3+ 35. Qxd3 Qg1 36.
Nd2 Nc5 37. Qf3 Qh2+ 38. Kd1 Qg1+ 39. Kc2 Qd4 40. Qc3 Qa4+ 41. Kb1 Nxb5 42. Nxb5 Qxb5 43.
e5 Na4 44. Qb3 Qxb3 45. Nxb3 fxe5 46. fxe5 dxe5 47. Nd2 Kf6 48. Kc2 Nb6 49. Ne4+ Kf5 50. d6 exd6 51. Nxd6+ Ke6 52. Ne4 h6 53. Kd3 Nd5 54.
Nc3 Nf4+ 55. Ke4 Nxh3 56. b4 Ng5+ 57. Ke3 Kd6 58. Ne2 h5 59. Ng3 h4 60. Nf5+ Kd5 61. Nxh4 Kc4 62. Nf3 Kxb4 63. Nxe5 1/2-1/2

[Event "Late-Titled-Tuesday-Blitz-June-04-2024"]
[Site "Chess.com"]
[Date "2024.06.04"]
[Round "4"]
[White "BillCoe"]
[Black "N_I_Chess"]
[Result "0-1"]
[WhiteElo "2105"]
[BlackElo "2291"]
[TimeControl "180+1"]
[EndTime "14:39:03 PDT"]
[Termination "N_I_Chess won by checkmate"]

1. e4 Nf6 2. e5 Nd5 3. g3 d6 4. exd6 cxd6 5. Bg2 Nc7 6. d4 g6 7. c3 Bg7 8. Be3 O-O 9. Nf3 Nc6 10. Nbd2 d5 11. O-O Bg4 12. h3 Bxf3 13. Nxf3 Rb8 14. Qd2 b5 15. b4 a5 16. a3 Na8 17. Bh6 Nb6 18. Bxg7 Kxg7 19. Nh2 Nc4 20. Qf4 h5 21. g4 Rh8 22. g5 Re8 23. Rfe1 e6 24. h4 Ne7 25.
Nf3 Nf5 26. Bh3 Ncd6 27. Ne5 Rc8 28. Rac1 Rc7 29. Red1 Qb8 30. Nd3 Rc4 31. Nc5 Ne4 32. Qxb8 Rxb8 33. Nxe4 dxe4 34. Re1 Nxh4 35. Rxe4 Nf3+ 36.
Kg2 Nxg5 37. Re5 Nxh3 38. Kxh3 axb4 39. axb4 Kf6 40. f4 Rbc8 41. Rxb5 Rxc3+ 42. Rxc3 Rxc3+ 43. Kg2 Rd3 44. Rb8 Rxd4 45. b5 Rb4 46. b6 Kf5 47.
Kg3 Rxf4 48. Rf8 Rg4+ 49. Kf3 Rb4 50. Rxf7+ Kg5 51. b7 h4 52. Kg2 Rb3 53. Rc7 Rb2+ 54. Kh3 e5 55. Re7 Rb3+ 56. Kh2 Kg4 57. Rg7 g5 58.
Rc7 Rb2+ 59. Kg1 e4 60. Re7 Kf3 61. Rf7+ Kg3 62. Re7 Rb1# 0-1

[Event "Late-Titled-Tuesday-Blitz-June-04-2024"]
[Site "Chess.com"]
[Date "2024.06.04"]
[Round "4"]
[White "osh1ro"]
[Black "Good_Knight_Kiss"]
[Result "1-0"]
[WhiteElo "2624"]
[BlackElo "2352"]
[TimeControl "180+1"]
[EndTime "14:39:06 PDT"]
[Termination "osh1ro won on time"]

1. d4 Nf6 2. c4 g6 3. Nc3 Bg7 4. e4 d6 5. Nf3 O-O 6. Be2 e5 7. dxe5 dxe5 8. Qxd8 Rxd8 9. Nd5 Nxd5 10. cxd5 c6 11.
Bc4 b5 12. Bb3 Bb7 13. Bg5 Re8 14. Rc1 a5 15. a4 bxa4 16. Bxa4 Rc8 17. O-O cxd5 18.
exd5 e4 19. Nd2 Na6 20. d6 f6 21. Bf4 Nc5 22. d7 Nxa4 23. dxc8=Q+ Rxc8 24. Rxc8+ Bxc8 25. Rc1 Bf5 26. b3 Nb2 27. Be3 Bf8 28. Rc8 Kf7 29. Nc4 Nxc4 30. Rxc4 Bb4 31. Rc7+ Ke6 32.
Rxh7 Ke5 33. Ra7 Be6 34. Bb6 Bxb3 35. Bxa5 Bxa5 36. Rxa5+ Ke6 37. Kf1 f5 38. g3 Bc4+ 39. Ke1 Bd3 40. Kd2 Kf6 41. Ke3 Bf1 42. Rc5 Kg5 43. h4+ Kh5 44. Kf4 Be2 45. Rc8 Kh6 46.
Rc2 Bh5 47. Rc7 Bg4 48. Ke5 Bh5 49. Kf6 Bg4 50. Rg7 Bh5 51. Ra7 Bg4 52. Ra8 Kh7 53.
Kg5 Bh5 54. Ra7+ Kg8 55. Kf6 1-0

[Event "Late-Titled-Tuesday-Blitz-June-04-2024"]
[Site "Chess.com"]
[Date "2024.06.04"]
[Round "4"]
[White "TanitoluwaAps116"]
[Black "Dedic8"]
[Result "0-1"]
[WhiteElo "2705"]
[BlackElo "2929"]
[TimeControl "180+1"]
[EndTime "14:39:07 PDT"]
[Termination "Dedic8 won by resignation"]

1. Nf3 d5 2. b3 Bf5 3. Bb2 e6 4.
d3 h6 5. g3 Nf6 6. Bg2 Be7 7.
Nbd2 O-O 8. O-O Nbd7 9. Re1 Bh7 10. e4 c6 11. e5 Ne8 12. h4 a5 13. a4 Nc7 14. h5 f6 15. exf6 Bxf6 16. d4 Qe8 17.
Nh2 Qf7 18. f4 c5 19. Rb1 Bxd4+ 20. Bxd4 cxd4 21. Ndf3 d3 22. cxd3 Qxh5 23. Nd4 Qxd1 24. Rbxd1 Nc5 25. Re3 Ra6 26. Rc1 b6 27. Bh3 Raa8 28.
Nxe6 Rae8 29. Nxf8 Rxe3 30. Nxh7 Rxg3+ 31. Bg2 Kxh7 32. d4 N5e6 33. f5 Nf4 34. Rxc7 Rxg2+ 35. Kh1 Rd2 36. Nf3 Rd1+ 37. Kh2 Rf1 38. Kg3 Nh5+ 39.
Kg2 Rb1 40. Ne5 Rb2+ 41. Kf3 Rxb3+ 42. Kg4 Nf6+ 43. Kf4 Rb1 44. Ng6 Rf1+ 45. Ke5 Re1+ 46. Kf4 Rf1+ 47. Ke5 h5 48. Rc8 Kh6 49. Nf4 Kg5 50.
Ne6+ Kg4 51. Rc7 Re1+ 52. Kd6 Ne8+ 53. Kxd5 Nxc7+ 54. Nxc7 h4 55. f6 gxf6 0-1

[Event "Late-Titled-Tuesday-Blitz-June-04-2024"]
[Site "Chess.com"]
[Date "2024.06.04"]
[Round "4"]
[White "Duhless"]
[Black "ZverevLev"]
[Result "1-0"]
[WhiteElo "3105"]
[BlackElo "2654"]
[TimeControl "180+1"]
[EndTime "14:39:07 PDT"]
[Termination "Duhless won by resignation"]

1. e4 e5 2. Nf3 Nc6 3. Bc4 Bc5 4. d3 Nf6 5. Nbd2 d6 6. a3 a6 7. O-O Ba7 8. c3 O-O 9. h3 h6 10. Re1 Re8 11. Nf1 Be6 12. Bxe6 Rxe6 13. c4 a5 14. b3 Nd7 15. Rb1 Nd4 16. Nxd4 Bxd4 17. Ng3 Qh4 18. Nf5 Qxf2+ 19. Kh1 Qa2 20. Bd2 Qxa3 21.
Qg4 g6 22. Rf1 Nf6 23. Nxh6+ Kg7 24. Qh4 Rh8 25. Bg5 Rh7 26. Rxf6 Rxf6 27. Bxf6+ Kf8 28. Qg4 Qa4 29. Qc8+ Qe8 30. Qxe8+ Kxe8 31. Ng4 c6 32. Rf1 Kd7 33. Bg5 Kc7 34. Bd2 b6 35. Nh6 Kb7 36. Nxf7 Ka6 37. Ng5 Rh8 38. Ne6 b5 39.
cxb5+ cxb5 40. Nxd4 exd4 41. Ra1 a4 42. bxa4 Rc8 43.
axb5+ Kxb5 44. Rb1+ Ka6 45. Rb4 Rc2 46. Bf4 Rf2 47. Bg3 Rf1+ 48. Kh2 Rd1 49. Rxd4 1-0

[Event "Late-Titled-Tuesday-Blitz-June-04-2024"]
[Site "Chess.com"]
[Date "2024.06.04"]
[Round "4"]
[White "ahkashefi2800"]
[Black "sergiochess83"]
[Result "1/2-1/2"]
[WhiteElo "2576"]
[BlackElo "2883"]
[TimeControl "180+1"]
[EndTime "14:39:08 PDT"]
[Termination "Game drawn by repetition"]

1. d4 d5 2. c4 c6 3. cxd5 cxd5 4. Nc3 Nc6 5. Nf3 Nf6 6. Bf4 Bf5 7. e3 e6 8. Rc1 Bd6 9. Bg3 O-O 10. Be2 Rc8 11.
Nh4 Be4 12. f3 Bg6 13. Nxg6 hxg6 14. O-O Bxg3 15. hxg3 Re8 16. f4 Qb6 17. Na4 Qa5 18. Rc5 Qc7 19. Bd3 Nd7 20. Rc1 Qd6 21.
a3 Ne7 22. Qe2 Nf6 23. b4 b6 24. g4 Ne4 25. Bxe4 dxe4 26. Qd2 f5 27. gxf5 gxf5 28.
Rxc8 Rxc8 29. Rc1 Rc6 30. Rxc6 Qxc6 31. Nc3 Qc4 32. Kf2 Kf7 33. Qb2 Qd3 34. a4 Qc4 35. Nb5 Kg6 36. Nxa7 Nd5 37. a5 bxa5 38. bxa5 Qc7 39.
Nb5 Qxa5 40. Na3 Qa4 41. Nb1 Qd1 42. Nc3 Nxc3 43. Qxc3 Kh5 44. d5 Qxd5 45. Qxg7 Qd2+ 46. Kf1 Qd1+ 47. Kf2 Qd2+ 48. Kf1 Qd1+ 49. Kf2 Qd2+ 1/2-1/2

[Event "Late-Titled-Tuesday-Blitz-June-04-2024"]
[Site "Chess.com"]
[Date "2024.06.04"]
[Round "4"]
[White "Valiyev_Shahin"]
[Black "drdaro"]
[Result "1-0"]
[WhiteElo "2561"]
[BlackElo "2381"]
[TimeControl "180+1"]
[EndTime "14:39:08 PDT"]
[Termination "Valiyev_Shahin won by resignation"]

1. e4 d6 2. d4 g6 3. Nc3 Bg7 4. Be3 Nf6 5. f3 O-O 6. Qd2 a6 7. h4 b5 8. g4 b4 9. Nce2 Nbd7 10. h5 c5 11. Nh3 cxd4 12. Bxd4 d5 13. hxg6 fxg6 14. Nef4 e5 15. Ne6 Qe7 16. Nxf8 Nxf8 17. Be3 dxe4 18. Ng5 exf3 19. Bc4+ Kh8 20. O-O-O Bxg4 21. Nf7+ Kg8 22. Nh6+ Kh8 23. Bg5 Be6 24. Qd3 Bxc4 25.
Qxc4 Ne6 26. Bxf6 Qxf6 27. Kb1 e4 28. Qxb4 f2 29. Ng4 Qf3 30. Qb7 Rf8 31. Nxf2 Qxf2 32. Qxe4 Qf6 33. c3 Rb8 34. Rh3 Qf2 35. b3 Qf6 36.
Rdh1 Ng5 37. Qc4 Nxh3 38. Rxh3 Rf8 39. Kb2 h5 40. Ka3 Kh7 41. b4 Qf5 42. Rd3 Kh6 43. Rd7 Qf6 44. Rc7 h4 45. Rc6 Qf5 46. Qxh4+ Qh5 47. Qe4 Rf3 48. Kb3 Rf5 49. Rxa6 Re5 50. Qd3 Qg5 51. Qh3+ Qh5 52. Qd3 Qg5 53. a4 Re3 54.
Rxg6+ Qxg6 55. Qxe3+ Kh5 56. Qc5+ Kg4 57. a5 Qf7+ 58.
Qc4+ Qxc4+ 59. Kxc4 Kf5 60. a6 Be5 61. a7 Bb8 62. axb8=Q 1-0

[Event "Late-Titled-Tuesday-Blitz-June-04-2024"]
[Site "Chess.com"]
[Date "2024.06.04"]
[Round "4"]
[White "MatthewG-p4p"]
[Black "HansOnTwitch"]
[Result "0-1"]
[WhiteElo "2888"]
[BlackElo "3132"]
[TimeControl "180+1"]
[EndTime "14:39:12 PDT"]
[Termination "HansOnTwitch won by resignation"]

1. e4 c6 2. d4 d5 3. exd5 cxd5 4. Bd3 Nf6 5. h3 Nc6 6. c3 g6 7. Nf3 Bg7 8. O-O O-O 9. Re1 Qc7 10. Be3 Nh5 11. Qc1 a6 12. g4 Nf6 13. Bf4 Qd8 14.
Nbd2 b5 15. Ne5 Bb7 16. Qd1 Rc8 17. Qe2 e6 18. h4 h5 19. Bg5 Qc7 20. Bxf6 Bxf6 21.
gxh5 Kg7 22. hxg6 Bxe5 23. dxe5 fxg6 24. Qg4 Qf7 25. f3 Rc7 26. Re2 Ne7 27. h5 Qf4 28. Qxe6 Bc8 29. Qd6 Rd7 30. Qc5 d4 31. e6 Rb7 32.
Qxd4+ Qxd4+ 33. cxd4 gxh5 34. Kh2 Rb6 35. Rg1+ Kh6 36.
d5 Nxd5 37. Rg6+ Kh7 38. Rg5+ Kh6 39. Rxd5 Bxe6 40. Rde5 Bxa2 41. b3 Rd6 42. Bc2 Rc8 43. Ne4 Rdc6 44. Bd1 Bb1 45. Ng3 Bg6 46. Re6 h4 47. Nf1 Kg5 48. Rxc6 Rxc6 49. Ne3 Rd6 50. Kg2 Kf4 51. Kf2 h3 52. Bc2 Bf7 53. Be4 Bxb3 54.
Nf1 a5 55. Nh2 a4 56. Bb1 Rd4 57. Re8 Rd2+ 58. Re2 Rxe2+ 59. Kxe2 a3 60. Kf2 a2 61. Bxa2 Bxa2 62. Nf1 b4 63. Ne3 Be6 64. Nc2 b3 65.
Ne1 Bf5 0-1

[Event "Late-Titled-Tuesday-Blitz-June-04-2024"]
[Site "Chess.com"]
[Date "2024.06.04"]
[Round "4"]
[White "HalfIsCrayfish"]
[Black "Arash_Tahbaz"]
[Result "0-1"]
[WhiteElo "2553"]
[BlackElo "2831"]
[TimeControl "180+1"]
[EndTime "14:39:15 PDT"]
[Termination "Arash_Tahbaz won on time"]

1. d4 Nf6 2. c4 e6 3. Nc3 d5 4. cxd5 exd5 5. Bg5 c6 6. e3 Be7 7. Bd3 h6 8. Bh4 O-O 9. Qc2 Ne8 10. Bg3 Nd6 11. Nf3 Re8 12. O-O-O Be6 13. Kb1 a5 14. e4 dxe4 15. Nxe4 Nxe4 16. Bxe4 Na6 17. a3 Nb4 18. axb4 axb4 19. b3 Ra3 20. d5 cxd5 21. Qb2 Qa5 22. Bc2 Bf6 23. Be5 Ra8 24. Bxf6 gxf6 25. Kc1 Ra2 26. Qxf6 Rc8 27. Nd4 Qc5 28. Rd3 Rxc2+ 29. Kd1 Rc1+ 30. Kd2 Rc2+ 31. Nxc2 Qxc2+ 32. Ke3 Rc3 33. Rxc3 bxc3 34. Qd4 Qxb3 35. Rc1 c2+ 36.
Kd2 Bf5 37. g4 Be4 38. g5 hxg5 39. Qf6 Qd3+ 40. Ke1 Bf3 41. Qxg5+ Kh7 42. Qd2 Qe4+ 43. Qe3 Qg4 44. Kd2 Be4 45. f3 Bxf3 46. Rxc2 d4 47. Qf2 Qf4+ 48. Ke1 Qe4+ 49. Kd2 Bh5 50. Rc1 Bg6 51. Qe2 Qf4+ 52. Kd1 d3 53. Qe1 Bh5+ 0-1

[Event "Late-Titled-Tuesday-Blitz-June-04-2024"]
[Site "Chess.com"]
[Date "2024.06.04"]
[Round "4"]
[White "Darkbluelord"]
[Black "Kostukov_Alex"]
[Result "0-1"]
[WhiteElo "2117"]
[BlackElo "2309"]
[TimeControl "180+1"]
[EndTime "14:39:15 PDT"]
[Termination "Kostukov_Alex won by resignation"]

1. e4 c5 2. Nc3 g6 3. f4 Bg7 4.
Nf3 Nc6 5. Bc4 e6 6. f5 Nge7 7. fxe6 fxe6 8. d3 d5 9. Bb3 O-O 10. O-O Nd4 11. Bg5 Nxb3 12. axb3 dxe4 13. dxe4 Qxd1 14.
Rfxd1 Nc6 15. Na4 b6 16. Nxb6 Rb8 17. Nxc8 Rbxc8 18. c3 Rb8 19. Ra6 Rfc8 20. Nd2 Rb6 21. Rda1 Be5 22. Nc4 Rxb3 23. Rxc6 Rxc6 24. Nxe5 Rc7 25.
Bh6 Rxb2 26. Rf1 Rb8 27. Nc4 Rf7 28. Rd1 Rfb7 29. Rd6 Kf7 30. h3 Ra8 31. Bg5 a5 32. Ne5+ Kg8 33. Rd2 a4 34. Ra2 a3 35. Nc4 Rb3 36.
Kf2 Ra4 37. Nxa3 Rbxa3 38. Rxa3 Rxa3 39. Bf6 Kf7 40. Be5 Ra2+ 41. Kf3 g5 42. g3 Kg6 43. h4 h6 44. hxg5 hxg5 45. Ke3 Ra3 46. Kd3 Kh5 47.
Kc4 Ra5 48. Kd3 Kg4 49. Kc4 Kf3 50. Kd3 Kf2 51. Bd6 g4 52. Be5 Kf3 53. Bd6 Kf2 54. Be5 Kg2 55. Bd6 Kf3 56. Be5 Ra6 57.
Bd4 cxd4 58. cxd4 Ra3+ 59. Kc4 Kxe4 60. Kb4 Rxg3 61. Kc4 Rg1 62. d5 exd5+ 63. Kc5 d4 64. Kd6 d3 65. Ke7 d2 66. Kf7 d1=Q 0-1

[Event "Late-Titled-Tuesday-Blitz-June-04-2024"]
[Site "Chess.com"]
[Date "2024.06.04"]
[Round "4"]
[White "TimGrutter03"]
[Black "Felix-Rose"]
[Result "1-0"]
[WhiteElo "2513"]
[BlackElo "2340"]
[TimeControl "180+1"]
[EndTime "14:39:17 PDT"]
[Termination "TimGrutter03 won on time"]

1. e4 e5 2. Nf3 Nc6 3. d4 exd4 4. Nxd4 Nf6 5. Nc3 Bb4 6. Nxc6 bxc6 7. Bd3 d5 8. exd5 O-O 9. O-O cxd5 10. Qf3 c6 11. Bg5 Bd6 12. h3 Rb8 13. Rab1 Be5 14. Rfe1 Qd6 15. Qe2 Bh2+ 16. Kh1 Bf4 17. Bxf4 Qxf4 18.
Qe5 Rb4 19. a3 Qxe5 20. Rxe5 Rf4 21. Kg1 Re8 22. Rbe1 Rxe5 23. Rxe5 Kf8 24. b4 h6 25. g3 Rd4 26. Ne2 Rxd3 27. cxd3 Bxh3 28. Nd4 Bd7 29. Re2 Ng4 30. f4 g5 31. Rc2 gxf4 32. gxf4 Ne3 33. Rc1 Nf5 34. Nxf5 Bxf5 35. Rxc6 Bxd3 36. Rxh6 a6 37. Kf2 Ke7 38. Ke3 Bc4 39. Kd4 f6 40.
Rh7+ Ke6 41. Rh8 Kf5 42. Rf8 Bb3 43. Rf7 Bc4 44. a4 Ke6 45. Rc7 Kf5 46. Rc6 Kxf4 47. Rxf6+ Kg5 48. Rf2 Bb3 49. b5 Bxa4 50. bxa6 Bc6 51.
a7 Kg6 52. Kc5 Ba8 53. Kb6 d4 54. Rd2 1-0

[Event "Late-Titled-Tuesday-Blitz-June-04-2024"]
[Site "Chess.com"]
[Date "2024.06.04"]
[Round "4"]
[White "JEIGOTH"]
[Black "Mikhail_Golubev"]
[Result "0-1"]
[WhiteElo "2315"]
[BlackElo "2506"]
[TimeControl "180+1"]
[EndTime "14:39:17 PDT"]
[Termination "Mikhail_Golubev won by resignation"]

1. Nf3 d6 2. b3 e5 3. Bb2 e4 4. Ng1 Nf6 5. d3 exd3 6. exd3 Be7 7. Nf3 O-O 8. Be2 Re8 9. O-O b6 10. Nbd2 Bb7 11. a4 a5 12. Re1 Nbd7 13. Bf1 Nf8 14. Ne4 Nxe4 15. dxe4 Bf6 16. Bxf6 Qxf6 17. Bd3 Ne6 18. Nd2 Rad8 19. Qf3 Qc3 20. Nc4 Ng5 21.
Qg3 Nxe4 22. Bxe4 Qxg3 23. Bxh7+ Kxh7 24. hxg3 Be4 25. Re2 d5 26. Nb2 Bf5 27. Rae1 Rxe2 28. Rxe2 c5 29. f3 Rd6 30. g4 Re6 31. Rd2 Bg6 32. Kf2 f6 33. Nd3 d4 34. Nf4 Re3 35. Nxg6 Kxg6 36. g3 Kf7 37. Re2 Rxe2+ 38. Kxe2 Ke6 39.
Kd3 Kd5 40. c4+ dxc3 41. Kxc3 g6 42. Kd3 Kc6 43. Kc4 g5 44. f4 Kd6 45. Kb5 Kc7 46. Kc4 Kc6 47. Kc3 b5 48. axb5+ Kxb5 49. Kb2 Kb4 50. Kc2 c4 51. bxc4 Kxc4 52. Kb2 Kd4 53. Ka3 Ke4 54. Ka4 Kf3 55. Kxa5 Kxg3 56.
fxg5 fxg5 57. Kb4 Kxg4 58. Kc3 Kf3 59. Kd2 Kf2 0-1

[Event "Late-Titled-Tuesday-Blitz-June-04-2024"]
[Site "Chess.com"]
[Date "2024.06.04"]
[Round "4"]
[White "IngOscarArdila"]
[Black "Chaubunagungamaug1"]
[Result "0-1"]
[WhiteElo "2282"]
[BlackElo "2474"]
[TimeControl "180+1"]
[EndTime "14:39:18 PDT"]
[Termination "Chaubunagungamaug1 won by checkmate"]

1. d4 Nf6 2. c4 e6 3. Nc3 d5 4. Bg5 c6 5. cxd5 exd5 6. Nf3 h6 7. Bh4 Bf5 8. e3 Nbd7 9. Bd3 Bxd3 10. Qxd3 Be7 11.
O-O O-O 12. Qf5 Re8 13. Ne5 Nxe5 14. dxe5 Nd7 15. e6 fxe6 16. Qxe6+ Kh8 17. Bxe7 Qxe7 18. Qg6 Ne5 19. Qh5 Qf6 20. Rad1 Nc4 21. Qe2 Rad8 22. Rd4 Qxd4 23. exd4 Rxe2 24. Nxe2 Re8 25. Nf4 Nxb2 26.
Rb1 Nc4 27. g3 b5 28. h4 g5 29. hxg5 hxg5 30. Nd3 Re4 31. Nb4 Re6 32. Kg2 a5 33.
Nd3 Re4 34. a4 b4 35. Rh1+ Kg7 36. Rh5 Kg6 37. Rh8 Rxd4 38. Nc5 Ne5 39. Rg8+ Kf5 40. Rf8+ Kg6 41. Rg8+ Kf6 42. Rf8+ Ke7 43. Rg8 Nf7 44. Ra8 Rc4 45. Ra7+ Kf6 46. Nd3 Rc3 47. Ne1 b3 48. Rb7 Nd6 49. Rb6 Ne4 50. f3 Nd2 51. f4 gxf4 52. gxf4 Kf5 53. Kf2 Nc4 54. Rb8 b2 55. Ke2 Rc1 56. Rxb2 Nxb2 57. Nf3 Rc2+ 58. Ke1 Nd3+ 59.
Kd1 Rc4 60. Nh4+ Kxf4 61. Ng6+ Kg5 62. Ne7 Rxa4 63. Kd2 Ne5 64. Nc8 Rd4+ 65. Kc3 Rc4+ 66. Kd2 a4 67. Nd6 a3 68. Nxc4 Nxc4+ 69. Kc3 Kf4 70. Kb3 Ke3 71. Ka2 d4 72. Kb3 d3 73.
Ka2 d2 74. Kb3 d1=Q+ 75. Kxc4 a2 76. Kc5 a1=Q 77. Kb6 Qb3+ 78. Kc7 Qa7+ 79. Kd6 Qd5# 0-1

[Event "Late-Titled-Tuesday-Blitz-June-04-2024"]
[Site "Chess.com"]
[Date "2024.06.04"]
[Round "4"]
[White "Kacparov"]
[Black "Stanbad1"]
[Result "1-0"]
[WhiteElo "2912"]
[BlackElo "2657"]
[TimeControl "180+1"]
[EndTime "14:39:19 PDT"]
[Termination "Kacparov won by resignation"]

1. e4 e6 2. d4 d5 3. Nd2 Nf6 4. e5 Nfd7 5. Bd3 c5 6. c3 Nc6 7.
Ngf3 Be7 8. O-O g5 9. dxc5 Ndxe5 10. Nxe5 Nxe5 11. Bb5+ Bd7 12. Bxd7+ Qxd7 13. Nb3 h6 14. f4 gxf4 15. Bxf4 Ng6 16. Qh5 Rg8 17. Bg3 O-O-O 18. Kh1 Bg5 19. Rad1 f5 20. Bd6 Be7 21. Bxe7 Qxe7 22. Nd4 Ne5 23. Rde1 Qg7 24. g3 Rde8 25. Qe2 Nc6 26. Nb5 Re7 27. Nd6+ Kb8 28. b4 Qxc3 29. a3 Qxa3 30. Rb1 Qc3 31. Rfc1 Qe5 32. Qd2 d4 33.
Nc4 Qd5+ 34. Kg1 e5 35. b5 Nd8 36. c6 f4 37. b6 Nxc6 38. bxa7+ Kc7 39. a8=Q Rxa8 40.
Nb6 Qa5 41. Nxa8+ Qxa8 42. Qb4 Kd8 43. Qd6+ Ke8 44. Qg6+ Kd7 45. Qf5+ Kd6 46. Qe4 fxg3 47. hxg3 Qa3 48. Kh2 Qa2+ 49. Kh3 Qe6+ 50. Kh2 Qd5 51. Qg6+ Re6 52. Qg7 Re7 53. Qf6+ Qe6 54. Qf8 e4 55. Rxb7 Kd5 56. Rxc6 Qxc6 57. Rxe7 Qc2+ 58. Kh3 Qe2 59. Qf5+ Kc4 60. Rxe4 Qd1 61. Qe6+ Kd3 62. Rxd4+ 1-0

[Event "Late-Titled-Tuesday-Blitz-June-04-2024"]
[Site "Chess.com"]
[Date "2024.06.04"]
[Round "4"]
[White "Abund"]
[Black "Josetricks"]
[Result "1-0"]
[WhiteElo "2809"]
[BlackElo "2434"]
[TimeControl "180+1"]
[EndTime "14:39:19 PDT"]
[Termination "Abund won on time"]

1. e4 g6 2. d4 Bg7 3. Nc3 c6 4. f4 d5 5. e5 f6 6. Be3 Nh6 7. Nf3 Bg4 8. Bd3 O-O 9. O-O fxe5 10. fxe5 Nf5 11. Qd2 Nxe3 12. Qxe3 Bxf3 13. Rxf3 Rxf3 14. Qxf3 Qb6 15. Ne2 Bxe5 16. Rf1 Bf6 17. Qe3 Na6 18.
c3 Nc7 19. b3 Kg7 20. Nf4 e5 21. Nh5+ gxh5 22. Qg3+ Kf7 23. Qxe5 Ne8 24. Qxh5+ Ke7 25.
Re1+ Kd6 26. Qf7 Bxd4+ 27. Kh1 Be3 28. Bf5 Rd8 29. Qe6+ Kc7 30. Rxe3 Kb8 31. Bxh7 a6 32. h3 Nc7 33. Qh6 Ka7 34. Re7 d4 35. cxd4 Rxd4 36.
Kh2 Nd5 37. Re1 Qc7+ 38. Kh1 Kb6 39. Bg8 Qg3 40. Rf1 Qxg8 41. Qc1 Qe6 42. Re1 Qf5 43. b4 Rxb4 44. Qd2 Rb5 45. Qd4+ Kc7 46. Qg7+ Qd7 47. Qg5 Rc5 48. Qe5+ Kb6 49. Qd4 Qd6 50. Rb1+ Ka7 51.
Rc1 1-0